[Event "Titled Tuesday Blitz April 18 Late 2023"]
[White "Timmermans, Mark"]
[Black "Vlassov, Nikolai"]
[WhiteFideId "1026399"]
[BlackFideId "4103360"]
[WhiteElo "2460"]
[BlackElo "2324"]
[Result "1-0"]
[Round "07"]
[TimeControl "180+2"]
[Date "2023.04.18"]
[WhiteClock "0:00:48"]
[BlackClock "0:00:01"]

1. Nf3 c5 2. e4 d6 3. d4 cxd4 4. Nxd4 Nf6 5. Nc3 a6 6. Be3 e6 7. g4 Be7 8. g5 Nfd7 9. h4 Nc6 10. Qd2 Qc7 11. O-O-O b5 12. h5 Nc5 13. h6 gxh6 14. Rxh6 b4 15. Nd5 exd5 16. exd5 Ne5 17. f4 Ng4 18. Rh4 h5 19. Nc6 Bd7 20. Bxc5 Bxc6 21. Bd4 Bxd5 22. Bxh8 Bxa2 23. Qxb4 Rc8 24. Bc3 d5 25. Qa4+ Kf8 26. Qxa2 Qxf4+ 27. Kb1 Qxg5 28. Qxa6 Rxc3 29. Rxg4 Qxg4 30. Be2 Qb4 31. Qa8+ Kg7 32. Rg1+ Kf6 33. Qh8+ Ke6 34. Qxc3 Qxc3 35. bxc3 h4 36. Rf1 f5 37. Bd3 Bf6 38. Bxf5+ Ke5 39. Bh3 Bd8 40. Kb2 d4 1-0


[Site "https://www.chess.com"]

[Event "Titled Tuesday Blitz April 18 Late 2023"]
[White "Holt, Conrad"]
[Black "Rosen, Eric"]
[WhiteFideId "2034387"]
[BlackFideId "2032562"]
[WhiteElo "2592"]
[BlackElo "2331"]
[Result "0-1"]
[Round "07"]
[TimeControl "180+2"]
[Date "2023.04.18"]
[WhiteClock "0:00:13"]
[BlackClock "0:00:14"]

1. d4 d5 2. c4 e6 3. Nc3 Nf6 4. cxd5 exd5 5. Bg5 c6 6. e3 Bd6 7. Bd3 h6 8. Bh4 O-O 9. Nf3 Be6 10. Ne5 c5 11. Nb5 Be7 12. dxc5 Bxc5 13. O-O Nc6 14. Nxc6 bxc6 15. Rc1 Qb6 16. Nd4 Bxd4 17. exd4 Ne4 18. f3 Ng5 19. Qd2 Qxd4+ 20. Bf2 Qf6 21. Rxc6 Rfc8 22. Rxc8+ Rxc8 23. Bxa7 Ra8 24. Bc5 Rxa2 25. Ba3 Qd4+ 26. Kh1 Bf5 27. h4 Qxh4+ 28. Kg1 Qd4+ 29. Kh2 Qxd3 30. Qc1 Qd4 31. Re1 Qh4+ 32. Kg1 Kh7 33. Qd1 Qc4 34. Kh2 Ne6 35. Kh1 Bg6 36. Re5 Qh4+ 37. Kg1 Qd4+ 38. Qxd4 Nxd4 39. Rxd5 Nc2 40. Ra5 Nxa3 41. bxa3 Bd3 42. Ra7 Kg6 43. Ra5 f6 44. Ra7 Bf5 45. a4 h5 46. a5 Bd3 47. Ra8 Kg5 48. Rd8 Bc4 49. Rc8 Be2 50. Rc5+ Kg6 51. Kf2 Bd3+ 52. Kg1 Bf5 53. Kh1 Be6 54. Kg1 Bf7 55. Kh1 Ra1+ 56. Kh2 Ra3 57. Kg3 Kh6 58. Kh2 Bg6 59. Rb5 Bd3 60. Rc5 g6 61. Kg1 Ra1+ 62. Kf2 Ra2+ 63. Kg1 Bf5 64. Rb5 Bd7 65. Rd5 Be6 66. Rd6 Ra1+ 67. Kh2 Bf5 68. Rd5 Kg7 69. Kg3 Be6 70. Rc5 Bf7 71. Kh2 Ra2 72. Kg3 g5 73. Kh2 Kg6 74. Kg1 Be6 75. Rb5 Bf5 76. Rc5 Bd3 77. Rd5 Ra1+ 78. Kh2 Ba6 79. Rc5 Ra2 80. Kg1 h4 81. Rd5 Bc4 82. Rc5 Ra1+ 83. Kh2 Ba6 84. Rd5 Bf1 85. Rc5 Ra2 86. Kg1 Bxg2 87. f4 Bf3 88. f5+ Kh5 89. Kf1 Kg4 90. Ke1 Kg3 91. a6 h3 92. Rc8 Rxa6 93. Rh8 Rd6 94. Rxh3+ Kxh3 95. Kf2 Kg4 96. Ke3 Kxf5 97. Kf2 Rc6 98. Kg3 Bd5 99. Kh3 Bf7 100. Kg3 Bg6 101. Kf2 Ke6 102. Ke3 f5 103. Kf2 Kf6 104. Kg3 Re6 105. Kh3 Re4 106. Kg3 Rc4 107. Kf3 Ke5 108. Ke3 Rc3+ 109. Kd2 Ra3 110. Ke2 Kf4 111. Kd2 Rh3 112. Kc2 Ke4 113. Kb2 Kd4 0-1


[Site "https://www.chess.com"]

[Event "Titled Tuesday Blitz April 18 Late 2023"]
[White "Melikyan, Gnel"]
[Black "Begmuratov, Alisher"]
[WhiteFideId "54109990"]
[BlackFideId "14203367"]
[WhiteElo "2138"]
[BlackElo "2387"]
[Result "0-1"]
[Round "07"]
[TimeControl "180+2"]
[Date "2023.04.18"]
[WhiteClock "0:00:09"]
[BlackClock "0:00:06"]

1. d4 d5 2. c4 e6 3. Nc3 Nf6 4. cxd5 exd5 5. Bf4 c6 6. e3 Bd6 7. Bxd6 Qxd6 8. Bd3 O-O 9. Nge2 Re8 10. O-O Nbd7 11. Ng3 a6 12. Re1 c5 13. dxc5 Nxc5 14. Bf5 g6 15. Bxc8 Raxc8 16. Rc1 Qe5 17. Nge2 Red8 18. Nd4 h5 19. Rc2 Ng4 20. g3 Nf6 21. Qf3 Nfe4 22. Rec1 Nd3 23. Rd1 Ndc5 24. Qf4 Qxf4 25. gxf4 Nxc3 26. Rxc3 Ne4 27. Rcc1 Kf8 28. Nb3 Rxc1 29. Rxc1 Ke7 30. f3 Nd6 31. Na5 Rd7 32. b3 Kf6 33. Kf2 Nf5 34. b4 Re7 35. Rc3 d4 36. exd4 Nxd4 37. Rd3 Nf5 38. Rd2 h4 39. Nc4 Rc7 40. Ne5 g5 41. Nd7+ Kg6 42. fxg5 Kxg5 43. Nc5 Kf4 44. Re2 b6 45. Nd3+ Kg5 46. f4+ Kg4 47. Rd2 f6 48. a4 Rc3 49. a5 bxa5 50. bxa5 Ra3 51. Nc5 Rxa5 52. Nd7 Kxf4 53. Nxf6 Ra3 54. Nd5+ Kg5 55. Re2 h3 56. Nb4 Kg4 57. Re4+ Kg5 58. Re5 Rb3 59. Nc6 Kf4 60. Ra5 Rb2+ 61. Kg1 Ne3 62. Ra4+ Kf3 63. Ne5+ Ke2 64. Ra1 a5 65. Ng6 a4 66. Nf4+ Kf3 67. Nxh3 Nc2 68. Rf1+ Ke3 69. Nf4 a3 70. Nd5+ Kd4 71. Rd1+ Kc4 72. h4 a2 73. h5 a1=Q 74. Rxa1 Nxa1 75. Nf6 Rb6 76. Ng4 Nc2 77. h6 Rg6 0-1


[Site "https://www.chess.com"]

[Event "Titled Tuesday Blitz April 18 Late 2023"]
[White "Djokic, Mihailo"]
[Black "Vovk, Orest"]
[WhiteFideId "976440"]
[BlackFideId "14113490"]
[WhiteElo "2294"]
[BlackElo "2215"]
[Result "1/2-1/2"]
[Round "07"]
[TimeControl "180+2"]
[Date "2023.04.18"]
[WhiteClock "0:00:06"]
[BlackClock "0:00:08"]

1. e4 g5 2. d4 h6 3. Nc3 Bg7 4. Be3 c5 5. dxc5 Bxc3+ 6. bxc3 Nc6 7. h4 Qa5 8. hxg5 hxg5 9. Rxh8 Qxc3+ 10. Bd2 Qxh8 11. Bxg5 Qc3+ 12. Bd2 Qxc5 13. Nf3 d6 14. Rb1 Nf6 15. Bd3 Qh5 16. Qe2 Bg4 17. Bc3 Nd7 18. Rxb7 Nde5 19. Bb5 Bxf3 20. gxf3 Nxf3+ 21. Kd1 Qh1+ 22. Be1 Rc8 23. Rxa7 Kf8 24. Bxc6 Rxc6 25. Ra3 Qxe1+ 26. Qxe1 Nxe1 27. Kxe1 Rxc2 28. Ra8+ Kg7 29. Ra7 e6 30. a4 Ra2 31. a5 Kf6 32. a6 Ke5 33. Rxf7 Rxa6 34. f3 Kd4 35. Kf2 d5 36. exd5 exd5 37. Kg3 Rd6 38. Kf4 Kd3 39. Ke5 Rd8 40. f4 d4 41. f5 Ke3 42. Rh7 d3 43. Rh3+ Kf2 44. f6 Kg2 45. Rxd3 Rxd3 46. f7 Rf3 47. Ke6 Kg3 48. Ke7 Re3+ 49. Kd7 Rf3 50. Ke7 Re3+ 51. Kd7 Rd3+ 52. Ke7 Rf3 53. f8=Q Rxf8 54. Kxf8 1/2-1/2


[Site "https://www.chess.com"]

[Event "Titled Tuesday Blitz April 18 Late 2023"]
[White "Korchmar, Vasiliy"]
[Black "Omranalhosani21"]
[WhiteFideId "24131750"]
[WhiteElo "2370"]
[BlackElo "2579"]
[Result "0-1"]
[Round "07"]
[TimeControl "180+2"]
[Date "2023.04.18"]
[WhiteClock "0:00:02"]
[BlackClock "0:00:15"]

1. e4 c5 2. Nf3 Nc6 3. d4 cxd4 4. Nxd4 Nf6 5. Nc3 e5 6. Ndb5 d6 7. Nd5 Nxd5 8. exd5 Nb8 9. a4 Be7 10. Be2 O-O 11. O-O Nd7 12. Kh1 a6 13. Na3 a5 14. Be3 b6 15. Bb5 Nc5 16. c3 f5 17. f3 Bg5 18. Bxg5 Qxg5 19. Nc4 Qd8 20. b4 Na6 21. Qd2 Rb8 22. Rab1 f4 23. Rb2 axb4 24. cxb4 Nc7 25. Bc6 b5 26. axb5 Nxb5 27. Bxb5 Rxb5 28. Na5 Bb7 29. Nc6 Qb6 30. Rc1 h6 31. h3 e4 32. fxe4 f3 33. Qd4 Bxc6 34. Qxb6 Rxb6 35. dxc6 f2 36. Rf1 Rxc6 37. Rfxf2 Rxf2 38. Rxf2 Rc1+ 39. Kh2 Rb1 40. Kg3 Rxb4 41. Kf3 Kf7 42. Rc2 Rb7 43. Kf4 Ke6 44. h4 Rf7+ 45. Ke3 Rb7 46. Rc8 g5 47. h5 Rb3+ 48. Kd4 Rb4+ 49. Kd3 Rb3+ 50. Kc4 Rg3 51. Re8+ Kf6 52. Kd5 Rd3+ 53. Kc6 g4 54. Rh8 Kg5 55. Rd8 Rd4 56. Rxd6 Rxe4 57. Rd5+ Kh4 58. Kd6 Re2 59. Kd7 Rxg2 60. Ke6 Rf2 0-1


[Site "https://www.chess.com"]

[Event "Titled Tuesday Blitz April 18 Late 2023"]
[White "Matinian, Nikita"]
[Black "Fiorito, Francisco"]
[WhiteFideId "24129100"]
[BlackFideId "180165"]
[WhiteElo "2422"]
[BlackElo "2341"]
[Result "1/2-1/2"]
[Round "07"]
[TimeControl "180+2"]
[Date "2023.04.18"]
[WhiteClock "0:00:06"]
[BlackClock "0:00:03"]

1. e4 c5 2. Nf3 Nc6 3. Bb5 g6 4. O-O Bg7 5. d3 Nd4 6. Nxd4 cxd4 7. f4 a6 8. Bc4 b5 9. Bd5 Rb8 10. f5 e6 11. Bb3 Bb7 12. Nd2 a5 13. a3 a4 14. Ba2 Qb6 15. Nf3 Nf6 16. e5 Nd5 17. f6 Bf8 18. Bxd5 Bxd5 19. Qe1 h6 20. Bd2 Rc8 21. Rc1 Bc5 22. Bb4 Bxf3 23. Rxf3 Bxb4 24. axb4 Kd8 25. Qe4 Kc7 26. Rf4 d6 27. exd6+ Qxd6 28. Qxd4 Qxd4+ 29. Rxd4 Rhd8 30. Rxd8 Rxd8 31. Kf2 Rd4 32. Ke3 Rxb4 33. Rb1 Rg4 34. g3 Kc6 35. c3 Rg5 36. Rf1 Re5+ 37. Kd2 Rf5 38. Rxf5 exf5 39. Ke3 Kd5 40. Kf4 Ke6 41. Ke3 Kxf6 42. Kd4 g5 43. Kd5 Ke7 44. Ke5 f4 45. gxf4 g4 46. Kf5 h5 47. Kg5 Ke6 48. f5+ Ke5 49. d4+ Ke4 50. f6 b4 51. cxb4 Kxd4 52. Kxh5 Kc4 53. Kxg4 Kxb4 54. h4 Kb3 55. h5 Kxb2 56. h6 a3 57. h7 a2 58. h8=Q a1=Q 59. Qb8+ Kc2 60. Qc7+ Kd3 61. Qxf7 Qg1+ 62. Kf5 Qf2+ 63. Kg6 Qg2+ 64. Kh7 Qh3+ 65. Kg7 Ke4 66. Qe7+ Kf5 67. Qd7+ Kg5 68. Qxh3 Kf4 69. f7 Kg5 70. f8=Q 1/2-1/2


[Site "https://www.chess.com"]

[Event "Titled Tuesday Blitz April 18 Late 2023"]
[White "Al-Tarboush, Ward"]
[Black "Larino Nieto, David"]
[WhiteFideId "7601450"]
[BlackFideId "2256444"]
[WhiteElo "2265"]
[BlackElo "2506"]
[Result "0-1"]
[Round "07"]
[TimeControl "180+2"]
[Date "2023.04.18"]
[WhiteClock "0:00:45"]
[BlackClock "0:00:04"]

1. e4 d5 2. exd5 Qxd5 3. Nc3 Qa5 4. d4 Nf6 5. Nf3 Nc6 6. Bb5 Ne4 7. a4 a6 8. Bd3 Nxc3 9. bxc3 Bg4 10. O-O e6 11. h3 Bh5 12. g4 Bg6 13. c4 O-O-O 14. Be3 Bxd3 15. cxd3 h5 16. c5 hxg4 17. hxg4 b6 18. Rb1 bxc5 19. Qb3 Nxd4 20. Bxd4 cxd4 21. Qb7+ Kd7 22. Rfc1 Bd6 23. Qc6+ Ke7 24. Qe4 Rh3 25. Nxd4 Qg5 26. Nc6+ Kd7 27. Nxd8 Kxd8 28. Rb8+ Ke7 29. Re1 Rh4 30. f3 Qd2 31. Qe2 Bc5+ 32. Kg2 Qf4 33. Rh1 Rxh1 34. Kxh1 Qc1+ 35. Kg2 Qg1+ 36. Kh3 Bd6 37. Qg2 Qc1 38. g5 Qf4 39. Rh8 Qf5+ 40. Qg4 Qxd3 41. g6 f5 42. Qh4+ Kd7 43. Qd8+ Kc6 44. Qa8+ Kc5 45. Rb8 Qf1+ 46. Kh4 Qf2+ 47. Kg5 Qg3+ 48. Kh5 Qh3+ 49. Kg5 Qg2+ 50. Kh4 Be7+ 51. Kh5 Qg5# 0-1


[Site "https://www.chess.com"]

[Event "Titled Tuesday Blitz April 18 Late 2023"]
[White "Mihajlov, Sebastian"]
[Black "Sanchez Alvares, Kelvin Antonio"]
[WhiteFideId "1512110"]
[BlackFideId "3906680"]
[WhiteElo "2478"]
[BlackElo "2217"]
[Result "1-0"]
[Round "07"]
[TimeControl "180+2"]
[Date "2023.04.18"]
[WhiteClock "0:00:18"]
[BlackClock "0:00:46"]

1. e4 e5 2. Nf3 Nc6 3. Bc4 Bc5 4. O-O d6 5. c3 Nf6 6. d4 Bb6 7. h3 h6 8. Re1 O-O 9. a4 a5 10. Bb5 Bd7 11. Na3 Re8 12. d5 Ne7 13. Bxd7 Qxd7 14. Nc4 Bc5 15. Qd3 Ng6 16. Be3 Bxe3 17. fxe3 b6 18. Rf1 Nf8 19. Nh4 Kh7 20. Nf5 Ng8 21. Rf2 g6 22. Ng3 Kg7 23. Raf1 Re7 24. b3 Nh7 25. Nd2 Rf8 26. Nf3 Qe8 27. Nh2 Kh8 28. h4 h5 29. Qe2 Ngf6 30. Rxf6 Nxf6 31. Rxf6 Kg7 32. Rf1 f6 33. Nh1 Rh8 34. Nf2 Qd7 35. Nh3 Rf7 36. c4 Rff8 37. Rf3 Rhg8 38. Qf2 Qe7 39. g4 hxg4 40. Nxg4 f5 41. exf5 gxf5 42. Rxf5 Rxf5 43. Qxf5 Qxh4 44. Ng5 Qg3+ 45. Kf1 Qh4 46. Qf6# 1-0


[Site "https://www.chess.com"]

[Event "Titled Tuesday Blitz April 18 Late 2023"]
[White "Tregubov, Pavel V."]
[Black "liwadas82"]
[WhiteFideId "4115341"]
[WhiteElo "2425"]
[BlackElo "2546"]
[Result "1/2-1/2"]
[Round "07"]
[TimeControl "180+2"]
[Date "2023.04.18"]
[WhiteClock "0:00:06"]
[BlackClock "0:00:07"]

1. e4 e5 2. Nf3 Nc6 3. Bb5 a6 4. Ba4 Nf6 5. d4 exd4 6. O-O Be7 7. e5 Ne4 8. Nxd4 O-O 9. Nf5 d5 10. Nxe7+ Nxe7 11. c3 Nc5 12. Bc2 Bf5 13. Na3 Bxc2 14. Nxc2 Qd7 15. Be3 Ne6 16. Qd3 c5 17. b4 cxb4 18. cxb4 d4 19. Bd2 Rac8 20. Rac1 Qb5 21. Qxb5 axb5 22. Rfd1 Nd5 23. Ne1 Nef4 24. Bxf4 Nxf4 25. Kf1 Ne6 26. Nd3 Rc4 27. f4 Rfc8 28. f5 Ng5 29. Ra1 Ne4 30. a3 Nc3 31. Rd2 Ne4 32. Rdd1 Nc3 33. Re1 Na4 34. e6 fxe6 35. fxe6 Kf8 36. Kg1 Ke7 37. Re4 Rc3 38. Nf4 Rc1+ 39. Rxc1 Rxc1+ 40. Kf2 Rc2+ 41. Kf3 Rc3+ 42. Kg4 Rc1 43. Rxd4 g5 44. Rd7+ Ke8 45. Nd5 Rc4+ 46. Kxg5 h6+ 47. Kxh6 Rf4 48. Nxf4 Nb6 49. Rxb7 Nc4 50. Nd5 Ne5 51. Nf6+ Kd8 52. e7+ Kc8 53. e8=Q+ Kxb7 54. Qxe5 Kb6 55. Qc5+ Kb7 56. Qxb5+ Kc7 57. Qc5+ Kd8 58. b5 1/2-1/2


[Site "https://www.chess.com"]

[Event "Titled Tuesday Blitz April 18 Late 2023"]
[White "ElenGajger"]
[Black "Amburgy, Ryan"]
[BlackFideId "30924820"]
[WhiteElo "2460"]
[BlackElo "2134"]
[Result "0-1"]
[Round "07"]
[TimeControl "180+2"]
[Date "2023.04.18"]
[WhiteClock "0:00:01"]
[BlackClock "0:00:07"]

1. e4 c6 2. d4 d5 3. Nd2 dxe4 4. Nxe4 Nf6 5. Nxf6+ exf6 6. Nf3 Bd6 7. Be2 O-O 8. h3 Bf5 9. O-O Nd7 10. Be3 Re8 11. c4 Nf8 12. c5 Bc7 13. Qb3 Qd7 14. Rad1 Be6 15. Bc4 Rad8 16. Rfe1 b5 17. Bxe6 Nxe6 18. a4 a6 19. axb5 axb5 20. Ra1 Qd5 21. Qxd5 Rxd5 22. Ra6 Rc8 23. g3 Bb8 24. Rea1 Kf8 25. Rb6 Rdd8 26. Raa6 Nc7 27. Ra1 Nd5 28. Rb7 Rc7 29. Rxc7 Nxc7 30. Bf4 Ne6 31. Bxb8 Rxb8 32. Ra6 Rc8 33. Kf1 Ke8 34. Ke2 Kd7 35. Ke3 Nc7 36. Ra7 Ke6 37. Ke4 f5+ 38. Kd3 f6 39. Nd2 g6 40. Nb3 Kd7 41. Na5 Ra8 42. Rxa8 Nxa8 43. Nb7 Nc7 44. Nd6 Nd5 45. f4 Ke6 46. Nc8 g5 47. fxg5 fxg5 48. Na7 Kd7 49. b3 Nf6 50. Ke3 h5 51. Kf3 Ne4 52. b4 Nc3 53. Ke3 Nd5+ 54. Kd3 Nxb4+ 55. Ke3 Nd5+ 56. Kd3 h4 57. gxh4 gxh4 58. Ke2 Nf4+ 59. Kf3 Nxh3 60. d5 cxd5 61. Nxb5 Ng5+ 62. Kg2 Ne6 63. Nd6 f4 64. Nf7 Kc6 0-1


[Site "https://www.chess.com"]

[Event "Titled Tuesday Blitz April 18 Late 2023"]
[White "Karas, Marek"]
[Black "Sarana, Alexey"]
[WhiteFideId "14928558"]
[BlackFideId "24133795"]
[WhiteElo "2233"]
[BlackElo "2714"]
[Result "0-1"]
[Round "07"]
[TimeControl "180+2"]
[Date "2023.04.18"]
[WhiteClock "0:00:11"]
[BlackClock "0:01:35"]

1. d4 Nf6 2. Nf3 d5 3. c4 e6 4. Nc3 Bb4 5. Qa4+ Nc6 6. e3 O-O 7. Bd2 Bd6 8. Qc2 Nb4 9. Qb1 dxc4 10. Bxc4 c5 11. a3 Nc6 12. Nb5 cxd4 13. Nbxd4 Nxd4 14. Nxd4 a6 15. O-O Bxh2+ 16. Kxh2 Qc7+ 17. Kg1 Qxc4 18. Rc1 Qd5 19. Qc2 e5 20. Ne2 Bg4 21. Ng3 h5 22. Be1 Rac8 23. Qd2 Qe6 24. f3 h4 25. Ne2 h3 26. fxg4 Ne4 27. Qd3 Qxg4 28. Nf4 Ng5 29. Qe2 Qf5 30. Nxh3 Nxh3+ 31. gxh3 Qxh3 32. Rxc8 Rxc8 33. Bc3 Rc6 34. Qh2 Rg6+ 35. Kh1 Qf3+ 0-1


[Site "https://www.chess.com"]

[Event "Titled Tuesday Blitz April 18 Late 2023"]
[White "Grigoriants, Sergey"]
[Black "Lizak, Peter"]
[WhiteFideId "4130804"]
[BlackFideId "731595"]
[WhiteElo "2502"]
[BlackElo "2420"]
[Result "1/2-1/2"]
[Round "07"]
[TimeControl "180+2"]
[Date "2023.04.18"]
[WhiteClock "0:00:20"]
[BlackClock "0:00:22"]

1. d4 d6 2. e4 Nf6 3. f3 e5 4. Ne2 Nc6 5. d5 Ne7 6. c4 Nd7 7. Nbc3 g6 8. Be3 f5 9. exf5 Nxf5 10. Bf2 Bh6 11. Ng3 Ne3 12. Qe2 Nxf1 13. Rxf1 O-O 14. Nge4 Nf6 15. Bh4 Bg7 16. O-O-O Qe8 17. g4 Bd7 18. Kb1 a6 19. c5 Nxe4 20. Nxe4 Bb5 21. Qe3 Bxf1 22. Rxf1 dxc5 23. Nxc5 Qb5 24. Rc1 e4 25. b3 exf3 26. Ne6 Qe2 27. Qxe2 fxe2 28. Nxf8 Rxf8 29. Re1 Rf1 30. Kc2 Rxe1 31. Bxe1 Be5 32. h3 Kf7 33. Kd3 Ke7 34. Bb4+ Bd6 35. Bd2 Bg3 36. Bb4+ Bd6 37. Bc3 Be5 38. Bb4+ Bd6 1/2-1/2


[Site "https://www.chess.com"]

[Event "Titled Tuesday Blitz April 18 Late 2023"]
[White "Quesada Perez, Yasser"]
[Black "Pinheiro, Iung Alicio de O."]
[WhiteFideId "3509362"]
[BlackFideId "2104350"]
[WhiteElo "2496"]
[BlackElo "2283"]
[Result "1-0"]
[Round "07"]
[TimeControl "180+2"]
[Date "2023.04.18"]
[WhiteClock "0:00:14"]
[BlackClock "0:00:08"]

1. e4 c5 2. c3 Nf6 3. e5 Nd5 4. Nf3 d6 5. Bc4 e6 6. d4 cxd4 7. cxd4 Bd7 8. O-O Bc6 9. Qe2 Be7 10. Bxd5 Bxd5 11. Nc3 Bxf3 12. Qxf3 d5 13. Qg4 g6 14. Bh6 Nc6 15. Rfd1 a6 16. Rac1 Bf8 17. Be3 h5 18. Qf3 Be7 19. Ne2 Rc8 20. a3 O-O 21. Nf4 Kg7 22. g3 Na5 23. Rxc8 Qxc8 24. Rc1 Qd7 25. Nh3 Nc4 26. Bg5 Bxg5 27. Nxg5 Qe7 28. Qf4 Nxb2 29. Rc3 Nc4 30. Rf3 f6 31. exf6+ Rxf6 32. Qb8 Rxf3 33. Nxf3 b5 34. Qc8 Nxa3 35. Qxa6 b4 36. Ne5 Nc4 37. Nc6 Qd6 38. Qb7+ Kh6 39. Nxb4 Nd2 40. Nd3 Nf3+ 41. Kg2 Nxd4 42. Qf7 Nf5 43. Nf4 e5 44. Nxd5 e4 45. Nf6 e3 46. Qh7+ Kg5 47. Ne4+ 1-0


[Site "https://www.chess.com"]

[Event "Titled Tuesday Blitz April 18 Late 2023"]
[White "cryptoguru02"]
[Black "Peng, Li Min"]
[BlackFideId "14112620"]
[WhiteElo "2604"]
[BlackElo "2436"]
[Result "0-1"]
[Round "07"]
[TimeControl "180+2"]
[Date "2023.04.18"]
[WhiteClock "0:00:01"]
[BlackClock "0:00:16"]

1. d4 Nf6 2. c4 e6 3. Nc3 Bb4 4. Qc2 b6 5. a3 Bxc3+ 6. Qxc3 Bb7 7. f3 d5 8. Bg5 Nbd7 9. e3 h6 10. Bh4 O-O 11. cxd5 exd5 12. Bd3 Re8 13. Ne2 Qe7 14. Bf2 c5 15. O-O Rac8 16. Qd2 c4 17. Bc2 Nf8 18. Nc3 a6 19. Rfe1 Rcd8 20. h3 Ne6 21. Rad1 b5 22. e4 dxe4 23. fxe4 Ng5 24. d5 Nd7 25. Qf4 Ne5 26. Bb6 Rd7 27. Bd4 f6 28. Ne2 Rdd8 29. Ng3 Bc8 30. Bb6 Bxh3 31. Bxd8 Rxd8 32. Nf5 Bxf5 33. exf5 a5 34. Kh1 Qd6 35. Rd4 b4 36. axb4 Qxb4 37. Rxe5 fxe5 38. Qxe5 Qxb2 39. Bd1 Nf7 0-1


[Site "https://www.chess.com"]

[Event "Titled Tuesday Blitz April 18 Late 2023"]
[White "Szpar, Milosz"]
[Black "Ozates, Tuna"]
[WhiteFideId "1184989"]
[BlackFideId "6354521"]
[WhiteElo "2436"]
[BlackElo "2151"]
[Result "1-0"]
[Round "07"]
[TimeControl "180+2"]
[Date "2023.04.18"]
[WhiteClock "0:01:16"]
[BlackClock "0:00:55"]

1. e4 c5 2. Nf3 Nc6 3. Bb5 g6 4. c3 Nf6 5. e5 Nd5 6. O-O Bg7 7. Re1 O-O 8. d4 cxd4 9. cxd4 d6 10. h3 dxe5 11. Bxc6 bxc6 12. Nxe5 Qd6 13. Nd2 c5 14. Ne4 Qc7 15. Nxc5 Rd8 16. Bd2 Nb6 17. Qf3 Bxe5 18. Rxe5 Rxd4 19. Rae1 f6 20. Rxe7 Qxc5 21. Re8+ Kf7 22. Be3 Bg4 23. Qb7+ Rd7 24. Qxa8 Qb4 25. Bxb6 1-0


[Site "https://www.chess.com"]

[Event "Titled Tuesday Blitz April 18 Late 2023"]
[White "Rozman, Levy"]
[Black "Loiacono, Antonio"]
[WhiteFideId "2039877"]
[BlackFideId "895415"]
[WhiteElo "2376"]
[BlackElo "2257"]
[Result "1-0"]
[Round "07"]
[TimeControl "180+2"]
[Date "2023.04.18"]
[WhiteClock "0:00:10"]
[BlackClock "0:00:20"]

1. e4 e5 2. Nc3 Nf6 3. f4 d5 4. fxe5 Nxe4 5. Qf3 Nxc3 6. bxc3 Be6 7. Rb1 b6 8. d4 Be7 9. Bd3 c5 10. Ne2 c4 11. Bf5 g6 12. Bh3 O-O 13. Bh6 Re8 14. Bxe6 fxe6 15. O-O Kh8 16. Qf7 Rg8 17. Qxe6 Na6 18. Nf4 Nc7 19. Qh3 g5 20. Nh5 Rg6 21. Ng3 Qc8 22. Nf5 Qe6 23. Qh5 Rag8 24. g4 Qd7 25. Rf3 Ne6 26. Rbf1 Nf4 27. Rxf4 gxf4 28. h3 Bg5 29. Kh1 Qe6 30. Bxg5 Rxg5 31. Qh6 Qxh6 32. Nxh6 Rf8 33. h4 Rg6 34. g5 b5 35. Kg2 Ra6 36. e6 Rxe6 37. Rf2 f3+ 38. Kg3 Re2 39. h5 Kg7 40. Ng4 Rf5 41. Rxf3 Rxf3+ 42. Kxf3 Rxc2 43. h6+ Kg6 44. Kf4 Rxc3 45. Ne5+ Kh5 46. Kf5 Re3 47. g6 Kxh6 48. Ng4+ Kg7 49. Nxe3 hxg6+ 50. Ke5 b4 51. Kxd5 b3 52. axb3 cxb3 53. Nd1 a5 54. Kc4 a4 55. Kb4 g5 56. Kxa4 g4 57. Kxb3 Kf6 58. Kc4 Kf5 59. Ne3+ Kf4 60. Nxg4 Kxg4 61. d5 Kg5 62. Kc5 Kf6 63. Kc6 Ke7 64. Kc7 Ke8 65. d6 Kf7 66. d7 Ke6 67. d8=R Ke7 68. Rd6 Kf7 69. Kd7 Kf8 70. Ke6 Kg7 71. Rd5 Kf8 72. Re5 Kg7 73. Re4 Kg6 74. Rd4 Kg5 75. Rd3 Kg6 76. Rc3 Kg5 77. Rc4 1-0


[Site "https://www.chess.com"]

[Event "Titled Tuesday Blitz April 18 Late 2023"]
[White "Aggelis, Nikolaos"]
[Black "Thomforde-Toates, Noah"]
[WhiteFideId "4213220"]
[BlackFideId "30951992"]
[WhiteElo "2189"]
[BlackElo "2747"]
[Result "0-1"]
[Round "07"]
[TimeControl "180+2"]
[Date "2023.04.18"]
[WhiteClock "0:00:11"]
[BlackClock "0:00:08"]

1. c4 Nf6 2. Nc3 d6 3. g3 g6 4. b3 Bg7 5. Bb2 O-O 6. Bg2 e5 7. d4 exd4 8. Qxd4 Nc6 9. Qd2 Re8 10. Nf3 Bf5 11. O-O Ne4 12. Nxe4 Bxe4 13. Bxg7 Kxg7 14. Nd4 Nxd4 15. Qxd4+ Qf6 16. Qd2 Bxg2 17. Kxg2 h5 18. h4 Qe6 19. Rfe1 Qe4+ 20. Kg1 Rad8 21. Rad1 Qf5 22. Qd4+ Kg8 23. Qxa7 Ra8 24. Qxb7 Rxa2 25. Qf3 Qc2 26. Kf1 Rb2 27. Rd3 Re5 28. Re3 Rf5 29. Qa8+ Kg7 30. Re8 Qxb3 31. Rg8+ Kf6 32. Qd8+ Ke5 33. Re8+ Kd4 34. Qxc7 Qb4 35. Qa7+ Qc5 36. Qa1 Kc3 37. Re3+ Qxe3 38. Rc1+ Kb3 0-1


[Site "https://www.chess.com"]

[Event "Titled Tuesday Blitz April 18 Late 2023"]
[White "Bazeev, German"]
[Black "koncheto"]
[WhiteFideId "24119350"]
[WhiteElo "2466"]
[BlackElo "2528"]
[Result "1-0"]
[Round "07"]
[TimeControl "180+2"]
[Date "2023.04.18"]
[WhiteClock "0:01:29"]
[BlackClock "0:00:02"]

1. c4 Nf6 2. Nc3 e6 3. e4 d5 4. cxd5 exd5 5. e5 d4 6. exf6 dxc3 7. fxg7 cxd2+ 8. Bxd2 Bxg7 9. Bc4 O-O 10. Ne2 Nc6 11. O-O Bxb2 12. Rb1 Bg7 13. Qc2 Ne5 14. Bc3 b6 15. Bxe5 Bxe5 16. Qe4 Qf6 17. Qxa8 Bf5 18. Qf3 Bxb1 19. Qxf6 Bxf6 20. Rxb1 Rd8 21. Kf1 c6 22. Bb3 Rc8 23. Rd1 c5 24. Bc4 Rc7 25. g4 Re7 26. f3 Rb7 27. a4 Re7 28. Rd5 h6 29. Rf5 Kg7 30. Ng3 Bg5 31. Nh5+ Kg6 32. f4 Bh4 33. Bd3 Re3 34. Rf6# 1-0


[Site "https://www.chess.com"]

[Event "Titled Tuesday Blitz April 18 Late 2023"]
[White "Spata, German"]
[Black "Lenaerts, Lennert"]
[WhiteFideId "113026"]
[BlackFideId "211435"]
[WhiteElo "2238"]
[BlackElo "2334"]
[Result "0-1"]
[Round "07"]
[TimeControl "180+2"]
[Date "2023.04.18"]
[WhiteClock "0:00:01"]
[BlackClock "0:00:20"]

1. e4 e5 2. Nc3 Nf6 3. d4 exd4 4. Qxd4 Nc6 5. Qd3 Bb4 6. Bg5 h6 7. Bh4 Ne5 8. Qd4 Qe7 9. Ne2 Bc5 10. Qa4 Ng6 11. Nd5 Qd6 12. Bg3 Ne5 13. f4 Nc6 14. Nxf6+ Qxf6 15. O-O-O O-O 16. e5 Qf5 17. Nc3 d6 18. Bd3 Qg4 19. exd6 Bxd6 20. Kb1 Bf5 21. Nb5 Rad8 22. Bxf5 Qxf5 23. Nxd6 Rxd6 24. Rxd6 cxd6 25. Rd1 d5 26. Qb5 Rd8 27. Qxb7 Qf6 28. f5 Nd4 29. Qc7 Nxf5 30. Be5 Qg5 31. g3 Re8 32. Bf4 Qg4 33. Rc1 Nd4 34. Qxa7 Ne2 35. Re1 Nc3+ 36. bxc3 Rxe1+ 37. Kb2 Qd1 38. Qa8+ Kh7 39. Qc8 Qb1+ 40. Ka3 Re6 41. Bc7 Qxc2 0-1


[Site "https://www.chess.com"]

[Event "Titled Tuesday Blitz April 18 Late 2023"]
[White "Klukin, Kirill"]
[Black "Sliwicki, Damian"]
[WhiteFideId "24199273"]
[BlackFideId "1127128"]
[WhiteElo "2344"]
[BlackElo "2030"]
[Result "1-0"]
[Round "07"]
[TimeControl "180+2"]
[Date "2023.04.18"]
[WhiteClock "0:02:03"]
[BlackClock "0:00:05"]

1. c4 c5 2. Nc3 Nc6 3. g3 g6 4. Bg2 Bg7 5. a3 e5 6. Rb1 Nge7 7. b4 cxb4 8. axb4 O-O 9. e3 f5 10. Nge2 f4 11. exf4 exf4 12. Nxf4 Nd4 13. O-O Rxf4 14. gxf4 d6 15. d3 Nef5 16. Ne4 Qh4 17. Be3 Nxe3 18. fxe3 Bg4 19. Qe1 Ne2+ 20. Kh1 Qh5 21. Ng3 Nxg3+ 22. Qxg3 Bf6 23. Bf3 Bxf3+ 24. Qxf3 Qh4 25. Rg1 Re8 26. Rg3 Kh8 27. Rbg1 Bd8 28. Rh3 Qe7 29. Qg4 Qf7 30. Qxg6 Qc7 31. Qxe8# 1-0


[Site "https://www.chess.com"]